 Dungeon Crawl Stone Soup version 0.29.0-11-gd7f09526c8 (webtiles) character file.

Game seed: 17623933636303957905

6973 SomeFlowers the Skirmisher (level 10, -7/51 HPs)
             Began as a Deep Elf Artificer on Sept 3, 2022.
             Was an Elder of Ru.
             Mangled by an unseen horror (9 damage)
             ... on level 10 of the Dungeon.
             The game lasted 00:50:00 (11710 turns).

SomeFlowers the Skirmisher (Deep Elf Artificer)    Turns: 11710, Time: 00:50:00

Health: -7/51      AC: 13    Str: 11    XL:     10   Next: 81%
Magic:  21/21      EV: 10    Int: 21    God:    Ru [****..]
Gold:   223        SH:  0    Dex: 21    Spells: 16/22 levels left

rFire   x . .      SeeInvis .   M - +10 mace of the Endless Expanse {venom, rPois rF- Int+4 Dex+4}
rCold   x . .      Faith    .   (no shield)
rNeg    . . .      Spirit   .   G - +0 acid dragon scales
rPois   +          Reflect  .   U - +1 hat
rElec   .          Harm     .   V - +0 cloak {Stlth+}
rCorr   +          Rampage  .   o - +2 pair of gloves
Will    +....                   (no boots)
Stlth   ++++......              (no amulet)
HPRegen 0.17/turn               m - +4 ring of slaying
MPRegen 0.17/turn               n - ring of protection from fire

@: about to teleport, marked, horrified
A: cowardly, inability to train dodging, temperature sensitive
a: Renounce Religion, Draw Out Power, Power Leap


You were on level 10 of the Dungeon.
You worshipped Ru.
Ru was greatly pleased with you.
You visited 1 branch of the dungeon, and saw 10 of its levels.
You also visited: Bailey.

You collected 542 gold pieces.
You spent 319 gold pieces at shops.

Inventory:

Hand Weapons
 B - a +3 shortbow of flaming
 F - a +2 whip of electrocution
 H - the +3 war axe "Saiduicu" {vorpal, Str+3 Int+6}
   (You found it on level 7 of the Dungeon)

   It inflicts extra damage upon your enemies.
   Str:       It affects your strength (+3).
   Int:       It affects your intelligence (+6).
 M - the +10 mace of the Endless Expanse (weapon) {venom, rPois rF- Int+4 Dex+4}
   (You found it on level 8 of the Dungeon)

   It poisons the flesh of those it strikes.
   Int:       It affects your intelligence (+4).
   Dex:       It affects your dexterity (+4).
   rF:        It makes you vulnerable to fire.
   rPois:     It protects you from poison.
Missiles
 r - 36 poisoned darts (quivered)
 I - 2 throwing nets
 Q - 3 curare-tipped darts
Armour
 l - a +0 helmet
 o - a +2 pair of gloves (worn)
 D - a +0 crystal plate armour
 G - +0 acid dragon scales (worn)
 K - a +3 tower shield of reflection
 N - a +0 cloak
 U - a +1 hat (worn)
 V - a +0 cloak of stealth (worn)
Magical Staves
 k - a staff of conjuration
Jewellery
 m - a +4 ring of slaying (left hand)
 n - a ring of protection from fire (right hand)
 A - a ring of protection from fire
Wands
 e - a wand of iceblast (1)
 i - a wand of flame (10)
 T - a wand of acid (4)
Scrolls
 h - a scroll of vulnerability
 q - 3 scrolls of immolation
 t - a scroll of noise
 w - 3 scrolls of fear
 y - 3 scrolls of blinking
 R - a scroll of butterflies
 S - 2 scrolls of enchant weapon
Potions
 c - 4 potions of lignification {unknown}
 s - a potion of brilliance {unknown}
 u - a potion of berserk rage {unknown}
 z - 3 potions of flight {unknown}
 C - 4 potions of heal wounds
 E - a potion of curing
 J - 2 potions of haste
Miscellaneous
 L - a box of beasts (inert)
 P - a box of beasts (inert)


   Skills:
 - Level 0.7 Fighting
 - Level 3.1 Short Blades
 - Level 8.2 Ranged Weapons
 * Level 5.5 Armour
 - Level 5.7 Stealth
 * Level 3.6 Shields
 - Level 6.5 Spellcasting
 - Level 5.1 Translocations
 - Level 4.4 Transmutations
 - Level 4.4 Poison Magic
 - Level 7.8 Evocations


You had 16 spell levels left.
You knew the following spells:

 Your Spells              Type           Power      Damage    Failure   Level
a - Apportation           Tloc           42%        N/A       1%          1
b - Alistair's Intoxicat  Tmut/Pois      12%        N/A       52%         5

Your spell library contained the following spells:

 Spells                   Type           Power      Damage    Failure   Level
 Summon Small Mammal      Summ           20%        N/A       14%         1
 Call Canine Familiar     Summ           5%         N/A       38%         3
 Summon Guardian Golem    Hex/Summ       5%         N/A       38%         3
 Conjure Ball Lightning   Conj/Air       2%         3x3d6     100%        6
 Discord                  Hex            2%         N/A       100%        8
 Disjunction              Tloc           10%        N/A       100%        8


Dungeon Overview and Level Annotations

Branches:
Dungeon (10/15)            Temple (0/1) D:4          Bailey (visited)
   Lair: D:8-11         Orc: D:9-12

Altars:
Ashenzari
Fedhas
Gozag
Hepliaklqana
Ru
Wu Jian
The Shining One

Shops:
D:9 :(([[

Annotations:
D:2 exclusion: downstairs
D:3 Sigmund
D:5 1 runed translucent door, Crazy Yiuf
D:7 Duvessa


Innate Abilities, Weirdness & Mutations

Your cowardice makes you less effective in combat with threatening foes.
You cannot train Dodging skill.
You are sensitive to extremes of temperature. (rF-, rC-)


Message History

An orc priest comes into view. It is wielding a +0 club.
Something hits you but does no damage.
The vampire mosquito bites you but does no damage.
An orc comes into view. It is wielding a +0 mace.
Something hits you.
The howler monkey hoots and howls with incredible vigour!
Something hits you. Something hits you! Something hits you.
The vampire mosquito is stunned by your conviction and fails to attack.
The vampire mosquito bites you but does no damage.
The vampire mosquito attacks as you move away!
The vampire mosquito bites you.
The vampire mosquito draws strength from your injuries!
Something hits you! Something hits you but does no damage.
Something hits you. x2
* * * LOW HITPOINT WARNING * * *
The vampire mosquito bites you but does no damage.
The vampire mosquito barely misses you. Something hits you but does no damage.
The vampire mosquito is stunned by your conviction and fails to attack.
The vampire mosquito bites you!
* * * LOW HITPOINT WARNING * * *
The vampire mosquito draws strength from your injuries!
You feel a twist of horror at the sight of this foe.
Unknown command.
The vampire mosquito attacks as you move away!
The vampire mosquito barely misses you. Something hits you but does no damage.
As you read the scroll of teleportation, it crumbles to dust.
You feel strangely unstable.
The howler monkey hoots and howls with incredible vigour!
Something hits you but does no damage. Something hits you but does no damage.
An orc priest comes into view. It is wielding a +0 whip.
Something hits you.
* * * LOW HITPOINT WARNING * * *
Something hits you but does no damage.
You feel a twist of horror at the sight of this foe.
You sock the orc priest!
The orc priest is severely wounded.
Something hits you!
You die...

####......... .....
..#..........# ....
.............###..# #
.......<.....##..####
..#..........##.###..
#...........).##...
#........).)#......
#..o....).<.##<....
##@###..#((###.....
###.# ##.#...####.[.
#.y.# #...#........
####y### #..####รท.....
#..hy.#####..##...##.##
#>....o..o....#..###.#
###........o....####.#
####................
####..##.........


You could see 3 vampire mosquitoes, a howler monkey (catching breath) and an orc
priest.

Vanquished Creatures
  A centaur warrior (D:9)
  A two-headed ogre (D:9)
  Maggie (D:6)
  A troll (D:10)
  Prince Ribbit (D:5)
  2 hornets (D:9)
  A wyvern (D:9)
  3 steam dragons
  Edmund (D:5)
  A water moccasin (D:6)
  A black bear (D:6)
  4 orc warriors (Bailey)
  3 ice beasts
  3 centaurs
  A sky beast (D:6)
  A lemure (D:5)
  4 kobold brigands
  2 gnoll sergeants
  4 bullfrogs
  4 wights (D:9)
  Dowan (D:7)
  A jelly (D:6)
  6 howler monkeys
  3 orc priests
  A gnoll bouda (D:8)
  2 hounds (D:6)
  Ijyb (D:3)
  3 iguanas
  2 gnolls (D:8)
  4 adders
  2 shadow imps
  A worm (D:2)
  3 dart slugs (D:3)
  21 orcs
  10 endoplasms
  2 giant cockroaches (D:1)
  8 goblins
  7 hobgoblins
  5 jackals
  20 kobolds
  5 quokkas
  5 ball pythons
  6 bats
  3 frilled lizards (D:2)
  4 rats (D:1)
166 creatures vanquished.

Vanquished Creatures (collateral kills)
  An orc knight (Bailey)
  An ice beast (D:8)
  A black bear (D:6)
  3 orc warriors (Bailey)
  A centaur (D:6)
  A bullfrog (D:7)
  A howler monkey (D:8)
  4 gnolls (D:8)
  A dart slug (D:3)
  A hobgoblin (D:4)
  A quokka (D:4)
  3 kobolds (D:9)
19 creatures vanquished.

Vanquished Creatures (others)
  Pikel (D:5)
  A water moccasin (D:8)
  An orc warrior (Bailey)
  An ogre (D:5)
  A lemure (D:5)
  A hound (D:4)
  2 gnolls (D:8)
  A dart slug (D:3)
  2 fungi (D:5)
  3 plants
14 creatures vanquished.

Grand Total: 199 creatures vanquished

Notes
Turn   | Place    | Note
-------+----------+-------------------------------------------
     0 | D:1      | SomeFlowers the Deep Elf Artificer began the quest for the
                  | Orb.
     0 | D:1      | Reached XP level 1. HP: 11/11 MP: 3/3
   504 | D:1      | Found a faded altar of an unknown god.
   510 | D:1      | Prayed at the altar of an unknown god.
   510 | D:1      | Became a worshipper of Ru the Awakened
   512 | D:1      | Gained mutation: Your cowardice makes you less effective in
                  | combat with threatening foes. [Ru sacrifice]
   512 | D:1      | Reached * piety under Ru
   541 | D:1      | Reached XP level 2. HP: 9/16 MP: 4/4
  1332 | D:1      | Reached skill level 1 in Spellcasting
  1531 | D:2      | Reached XP level 3. HP: 20/20 MP: 5/7
  1867 | D:2      | Learned a level 1 spell: Apportation
  3415 | D:3      | Noticed Ijyb
  3430 | D:3      | Killed Ijyb
  3431 | D:3      | Reached XP level 4. HP: 24/24 MP: 7/9
  3491 | D:3      | Found a hazy altar of Hepliaklqana.
  3618 | D:3      | Reached skill level 1 in Short Blades
  3737 | D:3      | Noticed Sigmund
  3945 | D:4      | Reached skill level 1 in Translocations
  3945 | D:4      | Reached XP level 5. HP: 8/28 MP: 10/10
  4173 | D:4      | Learned a level 5 spell: Alistair's Intoxication
  4273 | D:4      | Gained mutation: You are sensitive to extremes of
                  | temperature. (rF-, rC-) [Ru sacrifice]
  4273 | D:4      | Reached ** piety under Ru
  4273 | D:4      | Reached *** piety under Ru
  4375 | D:4      | Found a staircase to the Ecumenical Temple.
  4703 | D:4      | You fall into a shaft and drop 3 floors!
  4742 | D:6      | Noticed a centaur
  4756 | D:6      | Killed a centaur
  4757 | D:6      | Reached XP level 6. HP: 6/33 MP: 10/12
  5043 | D:6      | Noticed an ice beast
  5053 | D:6      | Killed an ice beast
  5054 | D:6      | Reached skill level 1 in Ranged Weapons
  5054 | D:6      | Reached skill level 5 in Evocations
  5105 | D:5      | Entered Level 5 of the Dungeon
  5140 | D:5      | Reached skill level 2 in Ranged Weapons
  5567 | D:5      | Noticed an ice beast
  5574 | D:5      | Killed an ice beast
  5575 | D:5      | Reached skill level 4 in Ranged Weapons
  5575 | D:5      | Reached XP level 7. HP: 37/37 MP: 13/13
  5633 | D:5      | Noticed Pikel
  5798 | D:5      | Killed Pikel
  5799 | D:5      | Reached skill level 8 in Ranged Weapons
  5799 | D:5      | Reached XP level 8. HP: 10/42 MP: 14/14
  6349 | D:5      | Noticed Prince Ribbit
  6359 | D:5      | Killed Prince Ribbit
  6360 | D:5      | Reached skill level 1 in Transmutations
  6360 | D:5      | Reached skill level 1 in Poison Magic
  6618 | D:5      | Found a runed translucent door.
  6619 | D:5      | Noticed Crazy Yiuf
  6730 | D:6      | Noticed Edmund
  6781 | D:5      | Killed Edmund
  7392 | D:6      | Noticed Maggie
  7442 | D:6      | Killed Maggie
  7443 | D:6      | Reached skill level 5 in Spellcasting
  7609 | D:6      | Reached XP level 9. HP: 46/46 MP: 18/18
  7831 | D:7      | Reached skill level 5 in Stealth
  7897 | D:7      | Identified the +3 war axe "Saiduicu" {vorpal, Str+3 Int+6}
  8112 | D:7      | Noticed Duvessa
  8112 | D:7      | Noticed Dowan
  8131 | D:7      | Killed Dowan
  8273 | D:8      | Reached skill level 5 in Translocations
  8318 | D:8      | Found a flagged portal.
  8325 | D:8      | Gained mutation: You cannot train Dodging skill. [Ru
                  | sacrifice]
  8325 | D:8      | Reached **** piety under Ru
  8333 | Bailey   | Entered a bailey
  9048 | Bailey   | Noticed an orc knight
  9064 | Bailey   | Killed an orc knight
  9065 | Bailey   | Reached XP level 10. HP: 51/51 MP: 21/21
  9401 | D:8      | Identified the +10 mace of the Endless Expanse {venom,
                  | rPois rF- Int+4 Dex+4}
  9808 | D:9      | Reached skill level 1 in Armour
  9862 | D:9      | Found a glowing golden altar of the Shining One.
 10031 | D:9      | Found Taimoenge's Antique Weapon Shoppe.
 10067 | D:9      | Reached skill level 1 in Shields
 10266 | D:9      | Found Yreu's Armour Shop.
 10507 | D:9      | Found Tibymisk's Antique Armour Boutique.
 10531 | D:9      | Found a broken altar of Ashenzari.
 10532 | D:9      | Found a sacrificial altar of Ru.
 10532 | D:9      | Found an opulent altar of Gozag.
 10533 | D:9      | Found a blossoming altar of Fedhas.
 10633 | D:9      | Found an ornate altar of the Wu Jian Council.
 10661 | D:9      | Found Niep's Weapon Shoppe.
 10788 | D:9      | Found Gataeg's Book Shop.
 10793 | D:9      | Noticed a two-headed ogre
 10982 | D:9      | Bought a glowing hat for 154 gold pieces
 10982 | D:9      | Bought a glowing cloak for 165 gold pieces
 11031 | D:9      | Killed a two-headed ogre
 11226 | D:10     | Entered Level 10 of the Dungeon
 11312 | D:10     | Noticed a centaur warrior
 11329 | D:9      | Killed a centaur warrior
 11639 | D:10     | Reached skill level 5 in Armour
 11709 | D:10     | HP: 2/51 [something (3)]
 11710 | D:10     | Mangled by an unseen horror

Illustrated notes

Levels and vault maps discovered:
D:1:      doesnt_arrival_eight_statues, layout_basic,
          nicolae_ecumenical_snake_handling, due_unseen_surprise
D:2:      layout_basic, kennysheep_flooded_box, minmay_fountain_box,
          kennysheep_crisscross, minmay_misc_feat_iff, serial_bayou_lagoon_a,
          fountainhead, st_stairs_12
D:3:      kennysheep_slugbush, layout_rooms, nicolae_overflow_hidden_temple,
          kennysheep_generic_room_11, uniq_sigmund, uniq_ijyb, uniq_terence
D:4:      layout_loops_cross, minmay_temple_entry_glass, serial_forest,
          infiniplex_forest_lined_ring, infiniplex_forest_end_2,
          infiniplex_forest_straight_2, infiniplex_forest_lined_2,
          infiniplex_forest_corner_1, minmay_close_crescents
D:5:      layout_loops_ring, uniq_prince_ribbit1, uniq_crazy_yiuf_cottage,
          uniq_pikel
D:6:      layout_basic, supply_closet_lemuel, serial_bayou_pond_e, uniq_maggie,
          uniq_edmund
D:7:      layout_loops_ring, uniq_duvessa
D:8:      layout_loops_ring, enter_bailey_5
D:9:      layout_long_grid, lemuel_tele_altar, tso_metal_star,
          chequers_temple_overflow_statue_of_worship, serial_shops, shop, shop,
          shop_statue, kennysheep_mini, shop
D:10:     hangedman_cross_stitches, layout_rooms, mainiacjoe_overflow_brackets,
          kennysheep_big_empty_room

Skill      XL: |  1  2  3  4  5  6  7  8  9 10 |
---------------+-------------------------------+-----
Evocations     | 4 5 7 |  7.8
Spellcasting   | 1 2 3 5 6 |  6.5
Dodging        | 3 4 0 |  0.0
Short Blades   | 1 2 3 |  3.1
Translocations | 1 2 3 5 |  5.1
Stealth        | 2 4 5 |  5.7
Ranged Weapons | 4 8 |  8.2
Transmutations | 3 4 |  4.4
Poison Magic   | 3 4 |  4.4
Armour         | 5 |  5.5
Shields        | 3 |  3.6
Fighting       | |  0.7

Action                   |  1- 3 |  4- 6 |  7- 9 | 10-12 || total
-------------------------+-------+-------+-------+-------++-------
Melee: Club              |    78 |       |       |       ||    78
       Dagger            |    53 |    96 |       |       ||   149
       Punch             |       |     1 |       |     1 ||     2
       Mace              |       |       |       |    52 ||    52
 Fire: Shortbow          |       |    37 |   165 |    69 ||   271
Throw: Dart              |     4 |     3 |    40 |     9 ||    56
Invok: Sacrifice Courage |     1 |       |       |       ||     1
       Sacrifice Resista |       |     1 |       |       ||     1
       Sacrifice Nimblen |       |       |     1 |       ||     1
Evoke: Wand              |    18 |     5 |    31 |     3 ||    57
       Box of beasts     |       |       |     1 |       ||     1
  Use: Potion            |     1 |       |     1 |       ||     2
       Scroll            |       |     7 |     4 |     6 ||    17
 Stab: Sleeping          |     1 |       |       |       ||     1
       Invisible         |       |     1 |       |       ||     1
       Paralysed         |       |       |       |     1 ||     1
Armor: Leather armour    |    59 |    32 |     6 |       ||    97
       Acid dragon scale |       |       |     9 |    41 ||    50
       Crystal plate arm |       |       |       |    15 ||    15
Dodge: Dodged            |   113 |    70 |    38 |    30 ||   251
Block: Tower shield      |       |       |       |    14 ||    14
